 Dungeon Crawl Stone Soup version 0.31-a0-263-ge8cad7f256 (webtiles) character file.

Game seed: 8302262202531510142

25 chunkyMonkey the Changeling (level 3, 0/25 HPs)
             Began as an Octopode Shapeshifter on July 13, 2023.
             Slain by a gnoll
             ... wielding a +0 whip
              (9 damage)
             ... on level 2 of the Dungeon.
             The game lasted 00:03:04 (828 turns).

chunkyMonkey the Changeling (Octopode Shapeshifter)  Turns: 828, Time: 00:03:05

Health: 0/25       AC:  1    Str: 14    XL:     3   Next: 6%
Magic:  3/3        EV: 13    Int: 10    God:
Gold:   77         SH:  0    Dex: 14    Spells: 2/2 levels left

rFire   . .          .
                       - Unarmed
rCold   . . .        (no shield)
rNeg    . . .        (helmet currently unavailable)
rPois   .            (no amulet)
rElec   .            (no ring)
rCorr   .            (no ring)
SInv    .            (no ring)
Will    .....        (no ring)
Stlth   ++           (no ring)
HPRegen 0.24/turn    (no ring)
MPRegen 0.08/turn    (no ring)
                     (no ring)

%: no passive effects
@: beast-form
A: beast (slay +2), almost no armour, amphibious, 8 rings, camouflage 1,
gelatinous body 1, (nimble swimmer 1), tentacles
a: Begin Untransformation


You were on level 2 of the Dungeon.
You were a hulking beast.
You visited 1 branch of the dungeon, and saw 2 of its levels.

You collected 77 gold pieces.

Inventory:

Talismans
 b - a beast talisman
Scrolls
 g - a scroll of vulnerability {unknown}
Potions
 a - 2 potions of lignification
 c - 2 potions of mutation {unknown}
 d - a potion of heal wounds {unknown}
 e - a potion of curing {unknown}
 f - a potion of invisibility {unknown}


   Skills:
 * Level 2.5 Fighting
 * Level 2.6 Dodging
 + Level 2.2 Unarmed Combat
 * Level 3.1 Shapeshifting


You had 2 spell levels left.
You didn't know any spells.
Your spell library was empty.

Dungeon Overview and Level Annotations

Branches:
Dungeon (2/15)

Altars:


Innate Abilities, Weirdness & Mutations

You are a hulking beast.
Your limbs bulge with bestial killing power. (Slay +2)
You cannot wear most types of armour.
You are amphibious.
You can wear up to eight rings at the same time.
Your skin changes colour to match your surroundings (Stealth+).
Your rubbery body absorbs attacks. (AC +1, EV +1)
((You are camouflaged when in or above water. (Stealth+)))
You have tentacles for arms and can constrict up to eight enemies at once.


Message History

A kobold comes into view. It is wielding a +0 dagger.
You barely miss the bat. Your grab misses the bat.
The kobold shouts!
The bat hits you but does no damage.
The kobold throws a stone.
The stone hits you.
The kobold throws a stone.
The stone barely misses you. The bat hits you but does no damage.
You tentacle-slap the bat but do no damage.
Your grab misses the bat. Your squeeze misses the bat.
The bat closely misses you. The bat completely misses you.
The bat barely misses you.
You tentacle-slap the bat. Your grab misses the bat.
The bat is moderately wounded.
The bat hits you but does no damage. The bat hits you.
A gnoll comes into view. It is wielding a +0 whip.
The bat hits you but does no damage.
The gnoll shouts!
You tentacle-slap the bat.
You kill the bat!
You hear a shout! x2
The kobold throws a stone.
The stone hits you. The bat closely misses you.
You tentacle-slap the bat.
You kill the bat!
The kobold throws a stone.
The stone misses you.
A gnoll comes into view. It is wielding a +0 spear.
A gnoll comes into view. It is wielding a +0 club.
You tentacle-slap the kobold.
You kill the kobold!
Found 12 gold pieces.
The gnoll hits you with a +0 whip. The gnoll completely misses you.
Things that are here:
a +0 dagger; a stone; a kobold corpse You tentacle-slap the gnoll.
You grab the gnoll.
The gnoll is heavily wounded.
You constrict the gnoll. The gnoll closely misses you.
The gnoll hits you with a +0 whip!
Unknown command.
You release your grip on the gnoll.
The gnoll attacks as you move away! The gnoll hits you with a +0 whip!
You die...

..###.##.###.......#
...#.......#.####..####
.#†.#..#.#......#......
...........#.##....#
....#......#.#..†..#
.#.##..#.#.#.......#
...........###.....#
##.#####.### ##...##
##.# #.....# ##h##
...###.....# #..g..$#
.....#.....# #.#g##.#
.#.#.#.....# #.#g# #
...#.#.....# # ..#
.#.#.####### .## ...#.#
. .....# .. ######


You could see 3 gnolls.

Vanquished Creatures
  4 ball pythons
  6 bats
  3 endoplasms
  2 giant cockroaches (D:1)
  A hobgoblin (D:1)
  A frilled lizard (D:1)
  5 kobolds
  4 rats
26 creatures vanquished.

Notes
Turn   | Place    | Note
-------+----------+-------------------------------------------
     0 | D:1      | chunkyMonkey the Octopode Shapeshifter began the quest for
                  | the Orb.
     0 | D:1      | Reached XP level 1. HP: 14/14 MP: 1/1
   189 | D:1      | Reached XP level 2. HP: 19/19 MP: 2/2
   802 | D:2      | Reached XP level 3. HP: 25/25 MP: 3/3
   828 | D:2      | Slain by a gnoll

Illustrated notes

Levels and vault maps discovered:
D:1:      dpeg_arrival_prison, layout_basic, serial_rivers,
          chequers_serial_rivers_large_a, chequers_serial_rivers_small_3,
          chequers_serial_rivers_marsh, chequers_serial_rivers_large_b,
          chequers_serial_rivers_room_a, chequers_serial_rivers_small_b
D:2:      layout_loops_cross, guppyfry_early_orc_mine

Action                     || total
---------------------------++-------
  Melee: Unarmed           ||    53
         Constrict         ||    13
         Tentacles         ||     4
         Punch             ||     2
Ability: Begin Untransform ||     1
   Stab: Sleeping          ||     4
 Armour: Skin              ||    15
  Dodge: Dodged            ||    50
   Form: Beast             ||     1

Table legend: (Time is in decaauts)
 A = Elapsed time spent in this place.
 B = Non-inter-level travel time spent in this place.
 C = Inter-level travel time spent in this place.
 D = Time resting spent in this place.
 E = Time spent auto-exploring this place.
 F = Levels seen in this place.
 G = Mean time per level.
                   A        B        C        D        E       F      G
               +--------+--------+--------+--------+--------+-----+--------+
         Total |    826 |    800 |     26 |     54 |    559 |   2 |  413.0 |
       Dungeon |    826 |    800 |     26 |     54 |    559 |   2 |  413.0 |
               +--------+--------+--------+--------+--------+-----+--------+

Top non-repeatable levels by time:
     D:1: 769 daAuts
     D:2: 56 daAuts
